 Dungeon Crawl Stone Soup version 0.26-a0-27-g1f02269 (webtiles) character file.

Game seed: 14152952828332923616, levelgen mode: deterministic

25 Ayyar the Ducker (level 2, 0/34 HPs)
             Began as a Demonspawn Gladiator on May 27, 2020.
             Slain by a goblin
             ... wielding a +0 club
              (2 damage)
             ... on level 1 of the Dungeon.
             The game lasted 00:03:47 (800 turns).

Ayyar the Ducker (Demonspawn Gladiator)              Turns: 800, Time: 00:03:48

Health: 0/34       AC:  7    Str: 14    XL:     2   Next: 86%
Magic:  2/2        EV: 12    Int:  9    God:
Gold:   11         SH:  0    Dex: 14    Spells: 1/1 levels left

rFire    . . .     SeeInvis .   a - +0 trident
rCold    . . .     Gourm    .   (no shield)
rNeg     . . .     Faith    .   s - +0 ring mail
rPois    .         Spirit   .   c - +0 helmet
rElec    .         Reflect  .   i - scarf {+Inv}
rCorr    .         Harm     .   k - +0 pair of gloves
MR       .....                  (no boots)
Stlth    ..........             (no amulet)
HPRegen  0.11/turn              (no ring)
MPRegen  0.08/turn              (no ring)

@: berserking (expiring), lethally poisoned (0 -> -3), very slightly
contaminated, invisible, very quick
A: powered by death 1
a: no special abilities


You were on level 1 of the Dungeon.
You were not hungry.

You visited 1 branch of the dungeon, and saw 2 of its levels.

You collected 11 gold pieces.

Inventory:

Hand Weapons
 a - a +0 trident (weapon)
Missiles
 d - 3 throwing nets (quivered)
Armour
 c - a +0 helmet (worn)
 i - a scarf of invisibility (worn)
 k - a +0 pair of gloves (worn)
 s - a +0 ring mail (worn)
Jewellery
 h - a cursed ring of attention {unknown}
Scrolls
 g - 3 scrolls of identify {unknown}
 l - a scroll of remove curse {unknown}
 m - a scroll of teleportation {unknown}
 r - a scroll of fear {unknown}
Potions
 n - a potion of lignification {unknown}
 p - a potion of curing {unknown}
 q - a potion of ambrosia {unknown}
Comestibles
 f - 2 rations


   Skills:
 + Level 2.4 Fighting
 + Level 3.0 Polearms
 + Level 2.2 Throwing
 + Level 3.0 Dodging


You had one spell level left.
You didn't know any spells.
Your spell library was empty.

Dungeon Overview and Level Annotations

Branches:
Dungeon (2/15)

Altars:


Innate Abilities, Weirdness & Mutations

You regenerate a little health from kills.


Message History

You are very lightly contaminated with residual magic.
The adder closely misses you. The goblin barely misses you.
You climb upwards.
You feel sick.
There is a stone staircase leading down here.
The adder bites you.
* * * LOW HITPOINT WARNING * * *
You are lethally poisoned!
The adder poisons you!
It was a potion of berserk rage.
A red film seems to cover your vision as you go berserk!
You feel yourself moving faster!
You feel mighty!
* * * LOW HITPOINT WARNING * * *
You feel sick. The goblin hits you but does no damage.
You closely miss the goblin. The goblin misses you.
You closely miss the goblin. You closely miss the goblin.
* * * LOW HITPOINT WARNING * * *
You feel sick. The goblin barely misses you.
You barely miss the goblin. The goblin hits you with a +0 club.
You die...

..#.# #.##..####..#..#########
..#.# #.##..# #..............
..#.######.##..####....##..##..##
..#...............#..(####....###
.....#####.##..####...## ##..## #
####.# #.##..# #....## #..# ##
.....# #.##..# #.....###..###.
.....# #.##..####...#..........
.....# #.##.Sg@.....#..........
.....# #.##.######....###..###.
.....# #.##.######...## #..# ##
#.##.# #.##.........## ##..## #
..##.#####.#########..####....###
####.......# #...##..##..##
######### #.............
#............. ##############


You could see an adder and a goblin.

Vanquished Creatures
  A dart slug (D:1)
  2 goblins (D:1)
  4 hobgoblins (D:1)
  6 jackals (D:1)
  3 kobolds (D:1)
  A frilled lizard (D:1)
  3 rats (D:1)
20 creatures vanquished.

Notes
Turn   | Place    | Note
-------+----------+-------------------------------------------
     0 | D:1      | Ayyar the Demonspawn Gladiator began the quest for the Orb.
     0 | D:1      | Reached XP level 1. HP: 16/16 MP: 1/1
   208 | D:1      | Gained mutation: You regenerate a little health from kills.
                  | [demonic ancestry]
   208 | D:1      | Reached XP level 2. HP: 22/22 MP: 2/2
   800 | D:1      | Slain by a goblin

Illustrated notes

Levels and vault maps discovered:
D:1:      sevenhm_arrival_forest_fort_small_6, layout_basic, serial_park_tiny_1,
          palyth_stone_intersect
D:2:      cheibrodos_greedy_goblins, layout_rooms, nicolae_ashenzari_panopticon

Skill      XL: |  1  2 |
---------------+-------+-----
Throwing       | 2 |  2.2
Polearms       | 3 |  3.0
Dodging        | 3 |  3.0
Fighting       | |  2.4

Action                   || total
-------------------------++-------
Melee: Trident           ||    72
  Use: Potion            ||     2
 Stab: Sleeping          ||     2
Armor: Leather armour    ||     8
       Ring mail         ||    10
Dodge: Dodged            ||    51

Table legend:
 A = Non-vault XP
 B = Vault XP
 C = Vault XP percentage of total XP
 D = Non-vault monster count
 E = Vault monster count
 F = Vault count percentage of total count
                 A         B        C        D         E       F
            +---------+---------+-------+---------+---------+-------
      Total |      37 |       0 |   0.0 |      20 |       0 |   0.0
            +---------+---------+-------+---------+---------+-------
        D:1 |      37 |       0 |   0.0 |      20 |       0 |   0.0
            +---------+---------+-------+---------+---------+-------
